Map: 莱瑞拉克之冠

Players

平步青云 - Winner!

  • Race: Terran Terran

电脑难度(艰难)

  • Race: Terran Terran

VOD

Have the link to the VOD?

Description

Time

  • Played on: Dec. 30, 2015, 8:04 a.m.
  • Length: 11:24
Show
View Real Time Build Order
Export as new Build Order

平步青云 Terran - Winner!

Build Orders: Bio Tank 

Get SALT Encoding   

  12  0:01  SCV  
  13  0:13  SCV  
  14  0:21  Supply Depot  
  14  0:25  SCV  
  15  0:42  SCV  
  16  0:51  Barracks  
  16  0:54  SCV  
  17  1:02  Refinery  
  17  1:06  SCV  
  18  1:19  SCV  
  19  1:31  SCV  
  20  1:39  Supply Depot  
  20  1:43  SCV  
  20  1:44  Marine  
  22  1:56  SCV  
  23  2:01  Refinery, Marine  
  24  2:10  SCV  
  25  2:19  Marine  
  25  2:21  Factory  
  26  2:27  SCV  
  27  2:33  Command Center  
  27  2:37  Marine  
  27  2:42  Orbital Command  
  28  2:56  Barracks Tech Lab  
  28  3:02  Barracks  
  28  3:07  Factory Tech Lab  
  28  3:12  Starport  
  28  3:13  Supply Depot  
  28  3:18  Engineering Bay  
  28  3:26  Marauder  
  30  3:44  SCV  
  32  3:48  SCV  
  32  3:54  Barracks Reactor  
  32  3:56  SCV  
  32  4:00  SCV  
  32  4:01  Siege Tank  
  37  4:09  SCV  
  38  4:12  SCV  
  38  4:15  Supply Depot  
  39  4:18  Marauder  
  39  4:19  Medivac  
  43  4:26  SCV x2  
  45  4:32  Marine x2  
  48  4:38  SCV  
  48  4:48  Marauder  
  48  4:49  Marine  
  48  4:50  Marine  
  48  4:51  Medivac  
  54  5:00  Siege Tank  
  57  5:07  Refinery  
  57  5:08  SCV  
  57  5:12  SCV  
  59  5:17  Refinery  
  59  5:20  SCV  
  60  5:24  SCV  
  61  5:29  Marine  
  62  5:36  Supply Depot  
  62  5:58  SCV, Marauder, Marine  
  62  5:59  Supply Depot  
  62  6:01  Terran Infantry Weapons Level 1  
  62  6:03  Concussive Shells  
  66  6:16  Armory  
  66  6:22  Supply Depot  
  58  6:47  Stimpack  
  58  6:49  Marine x2  
  58  6:50  Marauder  
  58  6:52  Siege Tank  
  64  6:59  SCV  
  65  7:09  SCV  
  65  7:11  SCV  
  65  7:12  Supply Depot  
  67  7:21  SCV  
  68  7:23  SCV  
  68  7:24  Siege Tank, Medivac  
  68  7:26  Marine x2  
  68  7:29  Marauder  
  78  7:34  SCV  
  78  7:35  SCV, Supply Depot  
  80  7:44  Marine x2  
  80  7:46  SCV  
  80  7:50  Marauder  
  85  7:55  Terran Infantry Armor Level 1  
  85  7:57  Medivac  
  87  8:04  Marine x2  
  89  8:11  Marauder  
  91  8:20  Command Center  
  91  8:21  Siege Tank  
  94  8:29  Supply Depot  
  94  8:47  Combat Shields  
  94  8:50  Marauder, Marine x2  
  94  8:51  Supply Depot  
  94  8:53  Siege Tank  
  101  9:04  Starport Tech Lab  
  101  9:08  Marine  
  102  9:13  Marine x2  
  102  9:14  Supply Depot  
  104  9:25  Siege Tank  
  109  9:31  Marauder  
  105  9:57  Siege Tank  
  108  10:23  Marine x2  
  108  10:24  Marauder  
  108  10:28  Viking  
  114  10:29  Siege Tank  
Show
View Real Time Build Order
Export as new Build Order

电脑难度(艰难) Terran 

Build Orders: MMM Bio 

Get SALT Encoding   

  12  0:00  SCV  
  13  0:13  SCV  
  14  0:18  Supply Depot  
  14  0:25  SCV  
  15  0:40  SCV  
  15  0:41  Barracks  
  16  0:49  Refinery  
  16  0:52  SCV  
  17  1:04  SCV  
  18  1:16  SCV  
  19  1:20  Supply Depot  
  19  1:28  Marine  
  19  1:29  SCV  
  21  1:41  Barracks, Orbital Command  
  21  1:46  Marine  
  22  1:50  Refinery  
  22  2:04  Barracks Tech Lab  
  22  2:08  Supply Depot  
  22  2:22  Marine  
  23  2:29  Marine  
  24  2:40  Marine  
  25  2:44  Supply Depot  
  25  2:46  Marine  
  26  2:58  Marine  
  27  3:04  Marine  
  28  3:16  Marauder  
  30  3:21  SCV  
  30  3:22  Supply Depot, Marine  
  32  3:33  SCV  
  33  3:35  Engineering Bay  
  33  3:37  Marauder  
  33  3:40  Marine  
  36  3:45  SCV  
  37  3:58  SCV  
  37  3:59  Marauder  
  40  4:03  Supply Depot  
  40  4:10  SCV  
  41  4:20  Marauder  
  41  4:22  SCV  
  44  4:42  Marauder  
  46  5:03  Marauder  
  48  5:24  Marauder  
  50  5:44  Barracks Tech Lab  
  50  5:45  Terran Infantry Weapons Level 1, Stimpack, Marine  
  50  5:47  Factory, Ghost Academy  
  51  5:51  Factory  
  51  5:54  Command Center, Supply Depot  
  51  6:02  Concussive Shells  
  51  6:03  Marine x2  
  53  6:21  Marine x2  
  55  6:30  Missile Turret  
  55  6:31  Factory Tech Lab  
  55  6:32  Starport  
  55  6:36  Starport  
  55  6:38  Factory Tech Lab, Missile Turret  
  55  6:39  Ghost, Marine  
  58  6:45  Combat Shields  
  36  6:56  Marine  
  39  7:08  Marauder  
  39  7:12  SCV  
  39  7:14  Ghost  
  42  7:18  SCV, Refinery, Starport Tech Lab x2  
  43  7:23  Refinery  
  43  7:24  SCV  
  43  7:29  Marine  
  45  7:30  SCV  
  45  7:36  SCV  
  47  7:40  Terran Infantry Armor Level 1  
  47  7:42  SCV  
  47  7:43  Marine  
  49  7:47  Marauder  
  49  7:48  SCV  
  52  7:54  SCV  
  53  8:00  SCV  
  53  8:01  Marauder  
  56  8:06  SCV  
  56  8:08  Marine  
  56  8:10  Raven  
  56  8:12  SCV  
  61  8:17  Raven  
  61  8:18  SCV  
  64  8:22  Marine  
  64  8:24  SCV  
  64  8:27  Bunker, Marauder  
  68  8:30  SCV  
  68  8:32  Missile Turret  
  69  8:37  SCV  
  69  8:40  Marine  
  71  8:43  SCV, Missile Turret  
  71  8:47  Supply Depot, Marine  
  73  8:49  SCV  
  73  8:55  SCV  
  75  8:56  Sensor Tower  
  75  8:58  Marine  
  76  9:03  Bunker  
  76  9:05  Marine  
  76  9:09  Armory  
  77  9:15  Marine  
  78  9:17  Barracks  
  78  9:24  Marauder  
  80  9:39  Marauder  
  80  9:45  Marauder  
  50  10:00  Marine  
  50  10:03  Factory  
  50  10:04  Marine  
  50  10:06  Marine  
  53  10:07  Command Center  
  50  10:18  Marine  
  43  10:23  Barracks Reactor  
  43  10:24  Marine  
  33  10:35  Marine  
  33  10:41  Marine  
  28  10:46  Factory Tech Lab  
  19  10:53  Marine  
  17  10:58  Marine  
  17  10:59  Marine  
  17  11:02  Marine  
  13  11:08  SCV  
Tags
 
Add a new tag
Caveats
  • Supply blocks, unpowered buildings, or Contaminate may cause inaccurate times.
  • Supply counts are checked every 10 seconds.